 Dungeon Crawl Stone Soup version 0.26-a0-682-g294304f6e8 (webtiles) character file.

Game seed: 9039238535720156130

(classic levelgen) 523 EnegeticOcto the Digger (level 7, -2/41 HPs)
             Began as a Halfling Earth Elementalist on Oct 20, 2020.
             Was an Initiate of Okawaru.
             Shot with an arrow by a centaur (4 damage)
             ... on level 5 of the Dungeon.
             The game lasted 00:15:03 (1796 turns).

EnegeticOcto the Digger (HaEE)                      Turns: 1796, Time: 00:15:04

Health: -2/41      AC:  6    Str:  9    XL:     7   Next: 46%
Magic:  10/10      EV: 14    Int: 15    God:    Okawaru [......]
Gold:   129        SH:  0    Dex: 15    Spells: 4/10 levels left

rFire    . . .     SeeInvis .   d - +0 long sword
rCold    + . .     Faith    .   (shield restricted)
rNeg     . . .     Spirit   .   g - +1 leather armour {rC+}
rPois    .         Reflect  .   (no helmet)
rElec    .         Harm     .   i - scarf {+Inv}
rCorr    .         Rampage  .   b - +0 pair of gloves
MR       .....                  q - +0 pair of boots
Stlth    ++........             (no amulet)
HPRegen  0.13/turn              l - ring of wizardry
MPRegen  0.12/turn              (no ring)

@: no status effects
A: small, mutation resistance 1
a: Renounce Religion, Evoke Invisibility


You were on level 5 of the Dungeon.
You worshipped Okawaru.
Okawaru was noncommittal.
You visited 2 branches of the dungeon, and saw 6 of its levels.
You also visited: Ossuary.

You collected 129 gold pieces.

Inventory:

Hand Weapons
 d - a +0 long sword (weapon)
 s - a +0 club
 t - a +1 morningstar
 v - a cursed +0 trident
Missiles
 k - 24 poisoned darts (quivered)
 n - 8 boomerangs of dispersal
Armour
 b - a +0 pair of gloves (worn)
 c - a +0 robe
 g - a +1 leather armour of cold resistance (worn)
 i - a scarf of invisibility (worn)
 q - a +0 pair of boots (worn)
Jewellery
 l - a ring of wizardry (left hand)
 u - an uncursed ring of ice
 x - an uncursed ring of see invisible {unknown}
Scrolls
 a - a scroll of immolation
 f - a scroll of remove curse {@r2}
 h - a scroll of teleportation {@r3 !r}
Potions
 e - a potion of haste {@q4 !q}
 m - a potion of flight
 o - a potion of brilliance
 r - a potion of invisibility
 w - 2 potions of curing {@q1 !q}


   Skills:
 + Level 1.1 Long Blades
 - Level 2.1 Dodging
 - Level 2.1 Stealth
 - Level 2.0 Spellcasting
 + Level 2.1 Conjurations
 - Level 0.5 Transmutations
 + Level 7.1 Earth Magic


You had 4 spell levels left.
You knew the following spells:

 Your Spells              Type           Power        Failure   Level
a - Sandblast             Erth           ###...       1%          1
b - Stone Arrow           Conj/Erth      ###...       6%          3
p - Passwall              Tmut/Erth      ##......     4%          2

Your spell library contained the following spells:

 Spells                   Type           Power        Failure   Level
 Petrify                  Tmut/Erth      ##......     26%         4
 Lee's Rapid Deconstruct  Erth           ###.......   19%         5


Dungeon Overview and Level Annotations

Branches:
Dungeon (5/15)             Temple (1/1) D:5         Ossuary (visited)

Altars:
Ashenzari
Elyvilon
Fedhas
Gozag
Kikubaaqudgha
Makhleb
Okawaru
Ru
Sif Muna
Yredelemnul

Shops:
D:4 [

Annotations:
D:3 Sigmund


Innate Abilities, Weirdness & Mutations

You are small and have problems with some larger weapons.
You are somewhat resistant to further mutation.


Message History

You throw a poisoned dart.
The poisoned dart barely misses the scorpion.
Throwing (i - inventory. (/) - cycle)
k - 23 poisoned darts (quivered)
Press: ? - help, Shift-Dir - straight line, f/p - scorpion
Aim: a scorpion You throw a poisoned dart.
The poisoned dart barely misses the scorpion.
Throwing (i - inventory. (/) - cycle)
k - 22 poisoned darts (quivered)
Press: ? - help, Shift-Dir - straight line, f/p - scorpion
Aim: a scorpion You throw a poisoned dart.
The poisoned dart closely misses the scorpion.
Throwing (i - inventory. (/) - cycle)
k - 21 poisoned darts (quivered)
Press: ? - help, Shift-Dir - straight line, f/p - scorpion
Aim: a scorpion You throw a poisoned dart.
The poisoned dart barely misses the scorpion.
Throwing (i - inventory. (/) - cycle)
k - 20 poisoned darts (quivered)
Press: ? - help, Shift-Dir - straight line, f/p - scorpion
Aim: a scorpion You throw a poisoned dart.
The poisoned dart closely misses the scorpion.
Throwing (i - inventory. (/) - cycle)
k - 19 poisoned darts (quivered)
Press: ? - help, Shift-Dir - straight line, f/p - scorpion
Aim: a scorpion You throw a poisoned dart.
The poisoned dart barely misses the scorpion.
The scorpion stings you.
You are poisoned.
The scorpion poisons you!
Throwing (i - inventory. (/) - cycle)
k - 18 poisoned darts (quivered)
Press: ? - help, Shift-Dir - straight line, f/p - scorpion
Aim: a scorpion You throw a poisoned dart.
The poisoned dart closely misses the scorpion.
You feel sick. The scorpion stings you.
Throwing (i - inventory. (/) - cycle)
k - 17 poisoned darts (quivered)
Press: ? - help, Shift-Dir - straight line, f/p - scorpion
Aim: a scorpion You throw a poisoned dart.
The poisoned dart closely misses the scorpion.
You feel sick. The scorpion closely misses you.
You riposte.
You slash the scorpion!
The scorpion is heavily wounded.
Throwing (i - inventory. (/) - cycle)
k - 16 poisoned darts (quivered)
Press: ? - help, Shift-Dir - straight line, f/p - scorpion
Aim: a scorpion (heavily wounded)
You throw a poisoned dart. The poisoned dart hits the scorpion.
The scorpion is heavily wounded.
The scorpion barely misses you.
You riposte.
You hit the scorpion but do no damage.
The scorpion is heavily wounded.
Throwing (i - inventory. (/) - cycle)
k - 15 poisoned darts (quivered)
Press: ? - help, Shift-Dir - straight line, f/p - scorpion
Aim: a scorpion (heavily wounded)
You throw a poisoned dart. The poisoned dart hits the scorpion.
The scorpion is poisoned.
The scorpion is heavily wounded.
You feel sick. The scorpion barely misses you.
You barely miss the scorpion.
The scorpion is heavily wounded.
You feel sick. The scorpion misses you.
You riposte.
You hit the scorpion.
You kill the scorpion!
Okawaru accepts your kill.
Your Long Blades skill increases to level 1!
k - 19 poisoned darts (gained 5)
You see here a scorpion corpse.
You feel sick.
k - 20 poisoned darts (gained 1)
You see here a pair of gloves.
You feel sick.
You start putting on your armour.
You continue putting on your pair of gloves. x3
You feel sick.
You continue putting on your pair of gloves.
You finish putting on your +0 pair of gloves.
k - 21 poisoned darts (gained 1)
You feel sick.
k - 22 poisoned darts (gained 1)
k - 23 poisoned darts (gained 1)
You feel sick.
k - 24 poisoned darts (gained 1)
You feel sick.
You are no longer poisoned.
You open the door.
Found an ancient bone altar of Kikubaaqudgha.
There is an open door here.
There is an ancient bone altar of Kikubaaqudgha here.
You open the door.
There is an open door here.
A centaur comes into view.
The centaur shouts!
The centaur wields a +0 shortbow.
The centaur shoots an arrow.
The arrow hits you!
* * * LOW HITPOINT WARNING * * *
You see here an arrow.
The centaur shoots an arrow.
The arrow barely misses you.
You see here an arrow.
The centaur shoots an arrow.
The arrow hits you.
You die...

##+# ... .c# ..
#. #.## #.@#
##(# #(# #.##
..
.######..##....
.....≈≈.≈≈.....
.####≈#'#≈#####
..≈#_#≈..
###≈#'#≈###


You could see a centaur.

Vanquished Creatures
  An ogre (D:5)
  A centaur (D:5)
  2 scorpions
  A centaur zombie (Ossuary)
  Natasha (D:3)
  2 orc wizards (D:4)
  4 mummies (Ossuary)
  2 worker ant zombies
  2 adders
  An adder zombie (Ossuary)
  A worm (D:2)
  2 leopard geckos (D:1)
  8 orcs
  A ball python (D:3)
  A giant cockroach (D:2)
  3 goblins
  7 hobgoblins
  2 jackals (D:2)
  4 kobolds
  A quokka (D:2)
  5 bats
  5 frilled lizards
  12 rats
69 creatures vanquished.

Vanquished Creatures (others)
  5 withered plants (Ossuary)
5 creatures vanquished.

Grand Total: 74 creatures vanquished

Notes
Turn   | Place    | Note
-------+----------+-------------------------------------------
     0 | D:1      | EnegeticOcto the Halfling Earth Elementalist began the
                  | quest for the Orb.
     0 | D:1      | Reached XP level 1. HP: 11/11 MP: 3/3
   112 | D:2      | Reached XP level 2. HP: 12/17 MP: 0/4
   329 | D:2      | Reached skill level 4 in Earth Magic
   329 | D:2      | Reached XP level 3. HP: 15/21 MP: 0/5
   407 | D:2      | Learned a level 3 spell: Stone Arrow
   966 | D:2      | Reached XP level 4. HP: 23/27 MP: 3/6
   977 | D:2      | Learned a level 2 spell: Passwall
   991 | D:3      | Noticed Sigmund
  1128 | D:3      | Noticed Natasha
  1134 | D:3      | Killed Natasha
  1134 | D:3      | Reached skill level 5 in Earth Magic
  1174 | D:4      | Reached skill level 1 in Conjurations
  1184 | D:4      | Found Nocierch's Armour Shoppe.
  1207 | D:4      | Reached XP level 5. HP: 20/31 MP: 7/7
  1244 | D:4      | Reached skill level 2 in Conjurations
  1334 | D:4      | Reached skill level 2 in Spellcasting
  1334 | D:4      | Reached XP level 6. HP: 14/36 MP: 0/9
  1374 | D:4      | Found a sand-covered staircase.
  1383 | Ossuary  | Entered an ossuary
  1430 | Ossuary  | Reached skill level 6 in Earth Magic
  1612 | D:5      | Entered Level 5 of the Dungeon
  1622 | D:5      | Noticed an ogre
  1629 | D:5      | Killed an ogre
  1629 | D:5      | Reached XP level 7. HP: 15/41 MP: 3/10
  1643 | D:5      | Found a staircase to the Ecumenical Temple.
  1661 | D:5      | Reached skill level 7 in Earth Magic
  1672 | Temple   | Entered the Ecumenical Temple
  1733 | Temple   | Became a worshipper of Warmaster Okawaru
  1758 | D:5      | Reached skill level 1 in Long Blades
  1786 | D:5      | Found an ancient bone altar of Kikubaaqudgha.
  1794 | D:5      | HP: 2/41 [centaur/arrow (13)]
  1796 | D:5      | Shot with an arrow by a centaur

Illustrated notes

Levels and vault maps discovered:
D:1:      lemuel_arrival_hallway, layout_basic
D:2:      layout_basic
D:3:      layout_loops_ring, chequers_serial_rivers_room_b, bh_walls_and_bars,
          uniq_jessica, uniq_sigmund, uniq_terence, uniq_natasha
D:4:      layout_gridville, chequers_ossuary_entry_cave, serial_shops,
          nicolae_shop_waterfront
D:5:      layout_basic, chequers_temple_overflow_statue_of_worship,
          kennysheep_mini_moat, minmay_temple_entry_large_hall, basic_altar
Temple:   nicolae_temple_figure_zero

Skill      XL: |  1  2  3  4  5  6  7 |
---------------+----------------------+-----
Earth Magic    | 4 5 6 7 |  7.1
Conjurations   | 1 2 |  2.1
Spellcasting   | 2 |  2.0
Long Blades    | 1 |  1.1
Dodging        | |  2.1
Stealth        | |  2.1
Transmutations | |  0.5

Action                   |  1- 3 |  4- 6 |  7- 9 || total
-------------------------+-------+-------+-------++-------
Melee: Unarmed           |    95 |       |       ||    95
       Club              |     7 |    26 |       ||    33
       Morningstar       |       |    47 |       ||    47
       Long sword        |       |       |     2 ||     2
Throw: Dart              |       |     7 |    10 ||    17
 Cast: Sandblast         |    38 |    32 |     6 ||    76
       Stone Arrow       |       |     6 |       ||     6
  Use: Scroll            |       |    14 |       ||    14
       Potion            |       |       |     1 ||     1
 Stab: Sleeping          |       |     1 |       ||     1
Armor: Leather armour    |    43 |    30 |     2 ||    75
Dodge: Dodged            |   122 |    57 |    10 ||   189
       Rpst.: Long sword |       |       |     7 ||     7

Table legend: (Time is in decaauts)
 A = Elapsed time spent in this place.
 B = Non-inter-level travel time spent in this place.
 C = Inter-level travel time spent in this place.
 D = Time resting spent in this place.
 E = Time spent auto-exploring this place.
 F = Levels seen in this place.
 G = Mean time per level.
                   A        B        C        D        E       F      G
               +--------+--------+--------+--------+--------+-----+--------+
         Total |   1857 |   1815 |     42 |      0 |      0 |   7 |  265.3 |
       Dungeon |   1583 |   1541 |     42 |      0 |      0 |   5 |  316.6 |
        Temple |     72 |     72 |      0 |      0 |      0 |   1 |   72.0 |
       Ossuary |    201 |    201 |      0 |      0 |      0 |   1 |  201.0 |
               +--------+--------+--------+--------+--------+-----+--------+

Top non-repeatable levels by time:
     D:1: 524 daAuts
     D:2: 464 daAuts
     D:4: 298 daAuts
 Ossuary: 201 daAuts
     D:3: 184 daAuts
     D:5: 111 daAuts
  Temple: 72 daAuts
